[Event "40th Cappelle Open 2024"]
[Site "Cappelle-la-Grande"]
[Date "2024.03.07"]
[Round "8.18"]
[White "Bogdanov, Egor"]
[Black "Godbole, Atharva"]
[Result "1-0"]
[ECO "B22"]
[WhiteElo "2409"]
[BlackElo "2199"]
[Annotator "TA"]
[PlyCount "79"]
[EventDate "2024.03.02"]
[EventType "swiss"]
[EventCountry "FRA"]
[SourceTitle "playchess.com"]
[Source "ChessBase"]
[SourceQuality "1"]
[TimeControl "40/5400+30:1800+30"]

1. e4 c5 2. c3 Nf6 3. e5 Nd5 4. d4 cxd4 5. Nf3 Nc6 6. Bc4 Nb6 7. Bb3 d6 8. exd6 Qxd6 9. O-O Be6 10. Na3 dxc3 11. Qe2 Bxb3 12. Nb5 Qb8 13. axb3 e5 (13... e6 $1 $15) 14. Nfd4 Be7 (14... c2 {looks sharper.} 15. Bg5 Nd5 16. Qc4 exd4 17. Qxd5 Bb4) 15. Nf5 O-O 16. Bh6 {[%emt 0:22:20] The position is equal.} gxh6 (16... cxb2 17. Bxg7 Qc8 (17... bxa1=R 18. Qg4 Rxf1+ 19. Kxf1 h5 20. Qxh5 f6 21. Qg6 Rf7 22. Nh6#) 18. Nxe7+ (18. Bxf8 $2 Qxf5 19. Qxb2 Bxf8 $19) 18... Nxe7 19. Qxb2 $16 (19. Bxf8 $2 bxa1=R 20. Rxa1 Qxf8 $19)) 17. Qg4+ (17. bxc3 Kh8 18. Rfd1 a6 $19 (18... Rg8 $2 19. Nxe7 Nxe7 20. Nd6 $19)) 17... Bg5 18. h4 {[%emt 0:10:27] [#]} (18. bxc3 Kh8 19. Rad1 (19. Nbd6 $2 Nc8 $19) 19... Rg8 $19) (18. Nxh6+ $11 Kh8 19. Qxg5) 18... f6 19. bxc3 $11 Kh8 20. hxg5 hxg5 21. Rad1 (21. Nbd6 Qc7 $11) 21... a6 22. Nbd6 {[%emt 0:00:33][%mdl 1024] And now Qh3 would win. White has compensation.} Qc7 23. Rd3 Nc8 (23... e4 $11 {remains equal.} 24. Rd2 (24. Qxe4 Nc8 $14) (24. Nxe4 Ne5 $14) 24... e3 25. Nxe3 (25. fxe3 Rad8 $11) 25... Nd7) 24. Ne4 $36 {[%emt 0:01:25][%mdl 2048] Rfd1 is the strong threat. White is more active. White is much more active.} N8e7 25. Rfd1 (25. Nc5 {is interesting.} Nxf5 26. Rd7 Qc8 27. Qxf5 Ne7 28. Qe6) 25... Rad8 {[%emt 0:04:51] Against Rd7} (25... Nxf5 $2 26. Rd7 $18 (26. Qxf5 Qg7 $16) (26. Qxf5 Qg7 $16)) 26. Nxe7 Qxe7 (26... Rxd3 $2 27. Rxd3 Qxe7 28. Rd7 $18) 27. Rd7 f5 (27... Qe8 $1 $11 28. Nc5 (28. Rxb7 $2 f5 $19) 28... Rxd7 29. Rxd7 Qg6) 28. Rxe7 {[%emt 0:00:24] Rxd8 would kill now.} (28. Qxg5 $2 {perishes.} Rxd7 29. Rxd7 Qxd7 $19) 28... fxg4 29. Rxd8 (29. Rxb7 $2 {too greedy.} Rxd1+ 30. Kh2 Nd8 $19) 29... Nxd8 30. Nxg5 {[%emt 0:00:25][%mdl 4096] Endgame. KRN-KRN} Kg8 31. Rxh7 ({Don't play} 31. Nxh7 $6 Rf7 32. Re8+ Kxh7 $11) ({Better is} 31. Ne4 $1 $16) 31... Rf5 ({Black should try} 31... g3 $14) 32. Rd7 $1 Rxg5 33. Rxd8+ {[%emt 0:00:02] KR-KR} Kh7 34. Rd7+ $1 Rg7 $2 {[%emt 0:00:29][%mdl 8192] Loses the game.} (34... Kh6 $16) 35. Rxg7+ $1 Kxg7 36. Kh2 $1 Kf6 37. Kg3 Kf5 {[%emt 0:00:05] [#]} 38. f3 $1 {[%emt 0:00:15] White mates.} gxf3 39. Kxf3 b5 {[%emt 0:03:46] [#]} 40. b4 $1 {[%emt 0:01:33] Weighted Error Value: White=0.13 (very precise) /Black=0.59.  Loses game:     	---       	Black=1      Mistake:       	White=2     	Black=4      Inaccurate:     	White=2     	Black=2      OK:         	White=5     	Black=8      Best:        	White=4     	Black=3      Strong:       	White=3     	---} 1-0

[Event "40th Cappelle Open 2024"]
[Site "Cappelle-la-Grande"]
[Date "2024.03.08"]
[Round "9.1"]
[White "Barp, Alberto"]
[Black "Valsecchi, Alessio"]
[Result "0-1"]
[ECO "E68"]
[WhiteElo "2449"]
[BlackElo "2490"]
[Annotator "TA"]
[PlyCount "103"]
[EventDate "2024.03.02"]
[EventType "swiss"]
[EventCountry "FRA"]
[SourceTitle "playchess.com"]
[Source "ChessBase"]
[SourceQuality "1"]
[TimeControl "40/5400+30:1800+30"]

1. d4 Nf6 2. c4 g6 3. g3 Bg7 4. Bg2 O-O 5. Nc3 d6 6. Nf3 Nbd7 7. O-O e5 8. e4 exd4 9. Nxd4 Nc5 10. h3 Re8 11. Re1 h6 12. Nb3 Ne6 13. f4 a5 14. Be3 a4 {[%emt 0:12:54] The position is equal.} 15. Nd4 a3 16. b3 Nxd4 $1 17. Bxd4 {[%emt 0:00:44] Threatening Qd3.} c5 18. Bxf6 Bxf6 19. Rc1 Bd4+ 20. Kh2 {[%emt 0:02:12] Strongly threatening Nb5.} Bd7 21. h4 Bc6 22. h5 {[%emt 0:04:33] White is weak on the dark squares} Qf6 23. hxg6 Qxg6 24. Qf3 {[%emt 0:06:10] Wards off Bf2} f5 25. Nd5 fxe4 {[%emt 0:00:43] Black is more active.} 26. Qe2 (26. Rxe4 $2 {too greedy.} Rxe4 27. Qxe4 Qh5+ 28. Bh3 Re8 29. Ne7+ Kf8 30. Qf5+ Qxf5 (30... Kxe7 $2 31. Re1+ $18) 31. Bxf5 Rxe7 $19 (31... Kxe7 $2 32. Bg6 $19)) 26... Bxd5 (26... Bd7 {with more complications.} 27. Bh3 Rad8 28. Rh1 h5) 27. cxd5 Re7 28. Bh3 Kh8 29. Be6 {[%emt 0:00:24] Repels Rg8} Rg7 30. Qg2 (30. g4 $11) 30... Qh5+ $17 31. Qh3 {[%emt 0:00:12] [#]} Qxh3+ 32. Kxh3 Bf2 $36 {[%emt 0:03:52][%csl LRe1,LRg3][%mdl 2048] Black is in control.} 33. Rxe4 Rxg3+ 34. Kh2 Re3 35. Rxe3 Bxe3 {[%emt 0:00:09][%mdl 4096] Endgame. KRB-KRB} 36. Rf1 (36. Rc4 $142) 36... Rf8 37. Kg3 b5 38. f5 (38. Bg4 $17 {keeps fighting.}) 38... Bg5 39. Bd7 c4 40. bxc4 bxc4 41. Rf3 Bd2 {[%emt 0:10:23] ...c3 is the strong threat.} 42. f6 $2 {[%emt 0:00:47] This costs White the game.} (42. Kf2 $17 {was forced.}) 42... c3 $19 43. Ba4 Kg8 44. Kf2 $2 (44. Kh3) 44... Rb8 {[%emt 0:04:58] Hoping for ...Rb2. Black is clearly winning.} 45. Ke2 Rb2 46. Kd3 Rxa2 47. f7+ Kf8 48. Rf6 Bg5 49. Rf1 Rd2+ 50. Kxc3 a2 ({Not} 50... Rxd5 51. Bb3 Ra5 52. Ba2 $17) 51. Bb3 {[%emt 0:05:06] [#]} Rf2 $3 52. Kd4 {[%emt 0:05:33] Weighted Error Value: White=0.70/Black=0.07 (flawless) .  Loses game:     	White=1     	---        Mistake:       	White=4     	---        Inaccurate:     	White=6     	Black=6      OK:         	White=12    	Black=11     Best:        	White=4     	Black=7      Strong:       	---       	Black=1} (52. Rh1 Bf6+) 0-1

[Event "40th Cappelle Open 2024"]
[Site "Cappelle-la-Grande"]
[Date "2024.03.08"]
[Round "9.2"]
[White "Puranik, Abhimanyu"]
[Black "Nanjo, Ryosuke"]
[Result "1-0"]
[ECO "A18"]
[WhiteElo "2618"]
[BlackElo "2346"]
[Annotator "TA"]
[PlyCount "57"]
[EventDate "2024.03.02"]
[EventType "swiss"]
[EventCountry "FRA"]
[SourceTitle "playchess.com"]
[Source "ChessBase"]
[SourceQuality "1"]
[TimeControl "40/5400+30:1800+30"]

1. c4 Nf6 2. Nc3 e6 3. e4 d5 4. cxd5 exd5 5. e5 Ne4 6. Nf3 Nc6 7. Bb5 Be7 8. Qa4 (8. Qe2 $5) 8... Nc5 (8... Bd7 $11) 9. Bxc6+ $14 Kf8 {[%emt 0:00:37] White is slightly better.} 10. Qc2 bxc6 11. d4 Ne6 12. Ne2 c5 13. O-O {[%emt 0:08:01] White is more active.} c4 14. Be3 h5 15. Nd2 h4 16. f4 {[%emt 0:05:11] f5 is the strong threat.} h3 17. g3 {[%emt 0:05:41] And now f5 would win.} g6 {[%emt 0:02:49] This costs Black the game.} (17... Kg8 $16) 18. f5 $18 gxf5 19. Qxf5 Ng5 20. Qg6 {[%emt 0:41:56] Threatens to win with Bxg5. Black is weak on the dark squares} Rg8 21. Qh6+ (21. Qh5 Qd7 $18) 21... Rg7 22. Bxg5 Bxg5 23. Qh8+ Rg8 {[%emt 0:00:10] [#]} 24. Rxf7+ $3 Kxf7 25. Qh7+ Ke6 26. Qxh3+ Ke7 27. Qh7+ Ke6 {[%emt 0:00:12] [#]} 28. Rf1 {[%emt 0:00:13] Prevents Qf8.} (28. Qh3+ Kf7 29. Qh7+ Ke6 $18) 28... Qe8 {[%emt 0:02:44] [#] Inhibits Qf7+.} ({And not} 28... Bxd2 29. Qf7#) (28... Be3+ $18 29. Kh1 Rf8 30. Qg6+ Kd7) 29. Rf6+ $1 {[%emt 0:00:08][%mdl 512] Weighted Error Value: White=0.05 (flawless) /Black=0.52.  Mistake:       	---       	Black=3      Inaccurate:     	White=1     	Black=4      OK:         	White=11    	Black=7      Best:        	White=4     	Black=3      Brilliant:      	White=1     	---} 1-0

[Event "40th Cappelle Open 2024"]
[Site "Cappelle-la-Grande"]
[Date "2024.03.08"]
[Round "9.3"]
[White "Lodici, Lorenzo"]
[Black "Gopal G.N."]
[Result "1-0"]
[ECO "B93"]
[WhiteElo "2558"]
[BlackElo "2575"]
[Annotator "TA"]
[PlyCount "69"]
[EventDate "2024.03.02"]
[EventType "swiss"]
[EventCountry "FRA"]
[SourceTitle "playchess.com"]
[Source "ChessBase"]
[SourceQuality "1"]
[TimeControl "40/5400+30:1800+30"]

1. e4 c5 2. Nf3 d6 3. d4 cxd4 4. Nxd4 Nf6 5. Nc3 a6 6. f4 e5 7. Nb3 Nc6 8. f5 Be7 9. Bd3 b5 {[%emt 0:13:47] The position is equal.} 10. Be3 Bb7 11. a3 Rc8 12. Qf3 Na5 13. Nxa5 Qxa5 14. O-O h5 15. Kh1 Kf8 16. Bd2 h4 17. Rfd1 Qd8 18. a4 b4 19. Nd5 Bxd5 20. exd5 a5 21. Ba6 Rc5 22. Bb7 (22. Be3 $11 {remains equal.}) 22... Nh5 (22... h3 $1 $17 23. gxh3 e4 (23... Rxc2 24. Rac1 $17)) 23. c3 (23. Be3 $1 $15) 23... bxc3 24. bxc3 Bg5 25. Bc6 $2 (25. Be1 $17) 25... Bxd2 26. Rxd2 Qb6 {[%emt 0:00:40] Wards off Rb2} (26... Ng3+ $1 $19 {and Black stays clearly on top.} 27. Kg1 (27. hxg3 $2 {loses.} hxg3+ 28. Kg1 Qh4 $19) 27... Rxc3) 27. Qf2 {[%emt 0:02:01] [#]} (27. h3 $142) 27... Ng3+ $2 28. Kg1 $1 $16 {[%emt 0:00:01] Threatens to win with Rb2.} Ne4 29. Rb2 Qd8 (29... Qxc6 $1 $14 30. dxc6 Nxf2 31. Rb8+ Ke7 32. Rxh8 Ne4) 30. Qe3 Nxc3 {[%emt 0:00:28][%cal Of8g8] [#]} (30... Rxc3 $2 {too greedy.} 31. Qxe4 Kg8 32. f6 $18) 31. Rc1 $1 Nxd5 (31... Rh5 {is more resistant.} 32. Rxc3 Rxc3 33. Qxc3 Rxf5) 32. Bxd5 $18 Rxd5 33. Qa7 {[%emt 0:00:19] White wants to mate with Rb8.} Rc5 34. Rxc5 dxc5 35. Rb8 {[%emt 0:00:04] Weighted Error Value: White=0.46/Black=0.72.  Loses game:     	White=1     	Black=1      Mistake:       	White=2     	Black=2      Inaccurate:     	White=1     	Black=4      OK:         	White=4     	Black=10     Best:        	White=2     	---        Strong:       	White=1     	---} 1-0

[Event "40th Cappelle Open 2024"]
[Site "Cappelle-la-Grande"]
[Date "2024.03.08"]
[Round "9.4"]
[White "Idani, Pouya"]
[Black "Degraeve, Remy"]
[Result "1-0"]
[ECO "A03"]
[WhiteElo "2609"]
[BlackElo "2447"]
[Annotator "RC"]
[PlyCount "119"]
[EventDate "2024.03.02"]
[EventType "swiss"]
[EventCountry "FRA"]
[SourceTitle "playchess.com"]
[Source "ChessBase"]
[SourceQuality "1"]
[TimeControl "40/5400+30:1800+30"]

1. g3 d5 2. Bg2 c5 3. f4 g6 4. Nf3 Bg7 5. d3 Nf6 6. O-O O-O 7. c3 Nc6 8. Na3 Rb8 9. Ne5 Qc7 10. Nxc6 bxc6 11. e4 c4 12. e5 Qb6+ 13. d4 Ne8 14. Nc2 f6 15. Ne3 fxe5 16. dxe5 Bf5 17. b3 Bd3 18. Rf2 Nc7 19. bxc4 dxc4 20. Bf1 Qa6 21. Bxd3 cxd3 22. c4 Rfd8 23. Rd2 Qa5 24. Rxd3 Ne6 25. Bd2 Qc5 26. Bc3 Rxd3 27. Qxd3 Rd8 28. Qe4 Qa3 29. Qc2 Nd4 30. Bxd4 Rxd4 31. Re1 Rd3 32. Qe2 Qc3 33. Nd1 Qxc4 34. Nf2 Rc3 35. Ne4 Rc2 36. Qxc4+ Rxc4 37. Kf2 h6 38. Ke3 Kf7 39. Kd3 Rb4 40. Rc1 Rb6 41. Rc4 g5 42. Ra4 gxf4 43. gxf4 Rb2 44. h3 Rh2 45. Rxa7 Rxh3+ 46. Kd4 Rf3 47. Nd6+ Kg8 48. Ke4 Rf2 49. Rxe7 Rxa2 50. Re8+ Kh7 51. Nf5 Ra4+ 52. Kf3 Kg6 53. Nxg7 Kxg7 54. Re7+ Kg6 55. Re6+ Kh5 56. Rxc6 Rb4 57. Rf6 Ra4 58. e6 Ra1 59. Ke4 Rd1 60. Ke5 1-0

[Event "40th Cappelle Open 2024"]
[Site "Cappelle-la-Grande"]
[Date "2024.03.08"]
[Round "9.5"]
[White "Sasikiran, Krishnan"]
[Black "Tarhan, Adar"]
[Result "0-1"]
[ECO "E01"]
[WhiteElo "2578"]
[BlackElo "2432"]
[Annotator "TA"]
[PlyCount "118"]
[EventDate "2024.03.02"]
[EventType "swiss"]
[EventCountry "FRA"]
[SourceTitle "playchess.com"]
[Source "ChessBase"]
[SourceQuality "1"]
[TimeControl "40/5400+30:1800+30"]

1. d4 Nf6 2. c4 e6 3. g3 c5 4. Nf3 cxd4 5. Nxd4 d5 6. Bg2 e5 7. Nf3 d4 8. O-O Nc6 9. e3 Be7 10. exd4 exd4 11. Re1 {[%emt 0:06:09] E01: Catalan: Early deviations.} O-O 12. Bf4 Be6 13. Nbd2 Re8 14. a3 a5 15. Ng5 $146 ({Predecessor:} 15. Ne5 Ra6 16. Nb3 Nxe5 17. Bxe5 Bxc4 18. Nxd4 Bd5 19. Nf5 Bf8 20. Bxd5 Nxd5 21. Qd4 {½-½ Oparin,G (2606)-Moroni,L (2506) Wch U20 56th 2017 (10)}) 15... Bg4 16. Qb3 Qd7 17. c5 Bxc5 18. Nde4 Nxe4 19. Bxe4 Rxe4 20. Nxe4 Bf8 21. f3 a4 22. Qd3 Be6 23. g4 f6 24. g5 f5 25. Nd2 Qd5 26. Rac1 b5 27. Nf1 Bf7 28. Ng3 g6 29. Ne2 (29. Kg2 $15) 29... Re8 30. Kg2 b4 (30... Rd8 $1 $15) 31. Qa6 (31. h4 $11 {and White is okay.}) 31... bxa3 (31... d3 $1 $19 32. Rcd1 Qc4 (32... Rxe2+ 33. Rxe2 dxe2 34. Rxd5 $11) (32... bxa3 33. Nc3 $15) 33. Qxc4 Bxc4) 32. bxa3 $15 Ne5 33. Ng1 (33. Bxe5 $11 Rxe5 34. Qxa4) 33... Re6 (33... Bxa3 $2 34. Rc8 (34. Rxe5 Rxe5 35. Bxe5 Qxe5 $14) 34... Rxc8 (34... Bd6 $2 35. Bxe5 Bxe5 36. Rxe8+ Bxe8 37. Qe2 $18) 35. Qxc8+ Bf8 36. Rxe5 $18 (36. Bxe5 d3 $18)) (33... Ra8 $17 34. Qf1 Nc4) 34. Qf1 $1 $11 (34. Qxa4 Nd3 35. Bd2 Nxe1+ (35... Nxc1 36. Rxc1 Re8 37. Qa6 $19) 36. Rxe1 Rxe1 37. Bxe1 Qa2+ 38. Kh1 Qa1 $17 (38... Bxa3 39. Qxd4 Qd5 40. Qc3 $15)) 34... Nc4 (34... Bxa3 35. Rc8+ Kg7 36. Bxe5+ Rxe5 37. Rxe5 Qxe5 38. Qa6 $11) 35. Rxe6 Bxe6 36. Qd3 $1 Nxa3 (36... Bxa3 $2 {perishes.} 37. Rxc4 Qxc4 38. Qxa3 $18) 37. Ne2 $2 (37. Qa6 $1 $15) 37... Nb5 $19 38. Bd2 Qb3 $1 39. Nf4 {[%emt 0:00:22] [#]} Qxd3 $1 40. Nxd3 a3 41. Bb4 (41. Ra1 {keeps fighting.}) 41... a2 $19 42. Bxf8 Kxf8 43. Ra1 Nc3 44. Nb4 $2 (44. Kf2 Ke7 45. Ke1) 44... Ke8 $19 45. Kf2 {[%emt 0:02:03] [#]} Kd7 $1 46. Ke1 Kd6 47. Kd2 Bc4 48. h4 Kc5 49. Nxa2 Bxa2 50. Re1 Bd5 51. Re7 Bxf3 52. Rxh7 Ne4+ 53. Kd3 Kd5 54. Rd7+ Nd6 55. Rd8 f4 56. Rd7 Bg4 57. Rd8 f3 58. Rf8 Bf5+ 59. Kd2 Ne4+ 0-1

[Event "40th Cappelle Open 2024"]
[Site "Cappelle-la-Grande"]
[Date "2024.03.08"]
[Round "9.6"]
[White "Kanov, Nikola"]
[Black "Can, Emre"]
[Result "1-0"]
[ECO "B90"]
[WhiteElo "2424"]
[BlackElo "2551"]
[Annotator "TA"]
[PlyCount "73"]
[EventDate "2024.03.02"]
[EventType "swiss"]
[EventCountry "FRA"]
[SourceTitle "playchess.com"]
[Source "ChessBase"]
[SourceQuality "1"]
[TimeControl "40/5400+30:1800+30"]

1. e4 c5 2. Nf3 d6 3. d4 cxd4 4. Nxd4 Nf6 5. Nc3 a6 6. Be3 e5 7. Nb3 Be7 8. h3 h6 9. Rg1 Qc7 10. Qf3 (10. g4 $142) 10... b5 $11 11. O-O-O Nbd7 12. Kb1 b4 13. Nd5 Nxd5 14. exd5 a5 15. Bb5 O-O 16. g4 a4 17. Nd2 Nb6 18. Bd3 {[%emt 0:12:22] [#]} (18. Ne4 $11) 18... g6 (18... a3 $1 $17 {[%cal Ra3b2] ...axb2 is the strong threat.} 19. Qe4 f5 20. gxf5 Bxf5 21. Bxh6 Bg5 (21... Bxe4 22. Rxg7+ Kh8 23. Bxe4 $16) 22. Rxg5 Bxe4 23. Nxe4 Rf7 (23... Nxd5 $2 24. Bxg7 Qxg7 25. Bc4 $18)) 19. Bxh6 a3 {[%emt 0:00:07][%cal Oa3b2] aiming for ...axb2!} 20. Bxf8 Bxf8 21. Ne4 {[%emt 0:06:24] Nf6+ would now be deadly.} Bg7 {[%emt 0:09:56] [#] White leaves nothing to chance now.} (21... axb2 $1 $11 {and Black is okay.} 22. Nf6+ Kh8) 22. b3 $1 $18 Bb7 {[%emt 0:00:31] [#]} 23. Bc4 Rc8 (23... Nxc4 24. bxc4) 24. Qe2 Qd7 25. g5 Nxc4 26. bxc4 Ba6 27. Qg4 Qd8 {[%emt 0:00:07] [#]} 28. c5 dxc5 29. d6 c4 $2 (29... b3 30. axb3 (30. cxb3 Qa5 $18) 30... c4) 30. d7 Rb8 31. Rd6 Qa5 32. Rgd1 Rd8 33. R6d5 $2 (33. Rxg6 {mates} Kf8 34. Rxg7 Kxg7 35. Nf6 (35. Qf5 b3 $18) 35... b3 36. Qh5 (36. cxb3 Qc3 37. Ne8+ Kf8 38. Qe2 cxb3 39. Nf6 bxa2+ 40. Qxa2 Rb8+) 36... bxc2+ 37. Kxc2 Qa4+ 38. Kc1 Qxd1+ 39. Kxd1) 33... Qb6 {[%emt 0:00:59] Threatens to win with ...b3.} 34. Rd6 $2 (34. Qf3 $18 Bb7 35. Rd6) 34... Qa5 35. R1d5 (35. Rxg6 $142 Kf8 36. Rxg7 Kxg7 37. Nf6 (37. Qf5 b3 $18) 37... b3 38. Qh5 (38. cxb3 {is a self mate.} Qc3 39. Ne8+ Kf8) 38... bxc2+ 39. Kxc2 Qa4+ 40. Kc1) 35... Bb5 36. Qe2 Bf8 37. Nf6+ {[%emt 0:00:30] Weighted Error Value: White=0.45/Black=0.56.  Loses game:     	---       	Black=1      Mistake:       	White=3     	Black=2      Inaccurate:     	---       	Black=2      OK:         	White=7     	Black=8      Best:        	White=4     	Black=3      Strong:       	White=1     	---        Brilliant:      	White=2     	---} 1-0

[Event "40th Cappelle Open 2024"]
[Site "Cappelle-la-Grande"]
[Date "2024.03.08"]
[Round "9.7"]
[White "Bellahcene, Bilel"]
[Black "Eugene, Floryan"]
[Result "0-1"]
[ECO "A13"]
[WhiteElo "2522"]
[BlackElo "2422"]
[Annotator "TA"]
[PlyCount "122"]
[EventDate "2024.03.02"]
[EventType "swiss"]
[EventCountry "FRA"]
[SourceTitle "playchess.com"]
[Source "ChessBase"]
[SourceQuality "1"]
[TimeControl "40/5400+30:1800+30"]

1. Nf3 d5 2. e3 Nf6 3. c4 e6 4. b3 Bd6 5. Bb2 O-O 6. g3 {[%emt 0:00:12] A13: English Opening: 1...e6.} b6 7. Bg2 Bb7 8. O-O dxc4 9. bxc4 c5 10. Nc3 Nbd7 11. Qe2 $146 ({Predecessor:} 11. Nb5 Be7 12. Rb1 Be4 13. d3 Bc6 14. Ne5 Nxe5 15. Bxe5 Bxg2 16. Kxg2 Qd7 17. d4 cxd4 18. Nxd4 {0-1 Kaczmarska,Z-Rogulska,M POL-chT3 Mazowiecki 2011 (1.37)}) 11... e5 12. d3 Re8 13. Nh4 Bxg2 14. Nxg2 Nf8 15. Rfd1 Qd7 16. Ne4 Nxe4 17. dxe4 Qc6 18. Qc2 Bc7 19. Nh4 Nd7 20. f3 Rad8 21. g4 Qf6 22. Qf2 $1 ({Don't blunder} 22. Nf5 $2 g6 23. g5 (23. Qa4 $2 gxf5 24. Rxd7 Qg5 $19) 23... Qxg5+ 24. Kh1 Nf6 $19 (24... gxf5 $2 {is the wrong capture.} 25. Rg1 $18)) 22... Nb8 23. Ng2 Qe6 24. Rd5 Nc6 25. Bc3 Ne7 26. Rxd8 Rxd8 27. Qe2 Qd7 28. Rc1 Qd3 29. Qxd3 Rxd3 30. Kf1 Nc6 31. Ke2 Rd7 32. Ne1 f6 33. Nd3 Kf7 34. Be1 Bd6 35. Nb2 a6 36. a4 Rb7 37. Nd1 b5 38. axb5 axb5 39. cxb5 Rxb5 40. Kd3 Ke6 41. Kc4 Rb7 42. Ra1 Na7 43. Bc3 Nc8 44. Nb2 Kd7 45. Kd3 Ra7 46. Rg1 h6 47. h4 Nb6 48. g5 hxg5 49. hxg5 Ke6 50. g6 Ra3 51. Rb1 Ra2 52. Rf1 Ra3 53. Rb1 Ra2 54. Rd1 c4+ 55. Nxc4 Nxc4 56. Kxc4 Rf2 57. Ra1 Rxf3 58. Ra6 $2 (58. Bd2 $11) 58... Rxe3 $19 59. Ra7 Rxe4+ 60. Kd3 Rg4 61. Rxg7 Kf5 0-1

[Event "40th Cappelle Open 2024"]
[Site "Cappelle-la-Grande"]
[Date "2024.03.08"]
[Round "9.8"]
[White "Loiseau, Quentin"]
[Black "Lamard, Guillaume"]
[Result "0-1"]
[ECO "D24"]
[WhiteElo "2412"]
[BlackElo "2483"]
[Annotator "TA"]
[PlyCount "72"]
[EventDate "2024.03.02"]
[EventType "swiss"]
[EventCountry "FRA"]
[SourceTitle "playchess.com"]
[Source "ChessBase"]
[SourceQuality "1"]
[TimeControl "40/5400+30:1800+30"]

1. d4 Nf6 2. c4 e6 3. Nf3 d5 4. Nc3 dxc4 5. e4 b5 6. e5 $1 Nd5 7. Nxb5 Nb6 8. h4 (8. Be2 $14) 8... Nc6 $11 9. Be2 Bb7 10. h5 h6 11. Rh4 Qd7 12. a4 Na5 13. Be3 Nd5 14. Rc1 a6 15. Nc3 Rb8 16. Kf1 Bc6 (16... Nxe3+ $15 17. fxe3 c5) 17. Nxd5 (17. Bd2 $11 {remains equal.}) 17... Bxd5 (17... exd5 $17 18. Kg1 Bxa4) 18. Bd2 (18. Nd2 $11 {keeps the balance.}) 18... Nb3 19. Bxc4 {[%emt 0:05:11] Black converts the advantage convincingly.} (19. Rc2 $1 $15) 19... Nxc1 $17 (19... Qxa4 $2 20. Bxd5 exd5 21. Rxc7 Nxd2+ 22. Qxd2 $18) 20. Qxc1 Bb4 (20... Qxa4 21. Bxd5 exd5 22. Kg1 $15) 21. Bxb4 (21. Kg1 $17 {is a better defense.}) 21... Rxb4 $19 22. Bxd5 Qxd5 (22... exd5 23. Qf4 $17) 23. Kg1 O-O (23... Rxa4 24. b3 Rb4 (24... Qxb3 $2 25. Qc6+ Kd8 26. Qa8+ Kd7 27. Qxh8 $18) 25. Rg4 $11) 24. Rg4 Kh8 (24... Rxa4 25. Qxh6) 25. Qf4 (25. Qxc7 $142 Qb7 (25... Rxb2 $2 26. Qe7 $19) (25... Rxa4 $2 26. Kh2 $19) 26. Qxb7 Rxb7 27. d5 exd5 (27... Rxb2 28. d6 $17) 28. b4) 25... c5 (25... Rxb2 26. Qg3) (25... Rxa4 26. Rg6 Kh7 (26... fxg6 $2 27. Qxf8+ Kh7 28. hxg6+ Kxg6 29. Qe8+ Kh7 30. Qxa4 $18) 27. Rg4 $19) 26. Nh4 {[%emt 0:01:24] [#] Black must now prevent Ng6+.} Qd8 (26... Rxb2 $2 {is the wrong capture.} 27. Ng6+ Kg8 28. Ne7+ (28. Nxf8 Kxf8 29. dxc5 Rc2 $11) 28... Kh8 29. Nxd5 $18) 27. Nf3 cxd4 ({Much less strong is} 27... Rxb2 28. dxc5 Rc2 29. Qg3 $19) ({Don't play} 27... Rxa4 28. Qd2) 28. Nxd4 (28. Qd2 {was worth a try.} Qb6 (28... Rxa4 $2 29. b3 $19) 29. b3) 28... Rxa4 {[%emt 0:00:59] Black is clearly winning.} 29. b3 Rb4 30. Kh2 a5 {[%emt 0:00:57] [#] Strongly threatening ...Qd7.} 31. Kg3 Qd5 {[%emt 0:01:07] And now ...Rd8 would win.} 32. f3 Rd8 33. Rxg7 Kxg7 34. Qf6+ Kg8 35. Nc6 Qxc6 36. Qxd8+ Kh7 {[%emt 0:00:03] Weighted Error Value: White=0.87/Black=0.15 (very precise) .  Mistake:       	White=7     	Black=2      Inaccurate:     	White=2     	Black=1      OK:         	White=6     	Black=11     Best:        	White=1     	---} 0-1